 Dungeon Crawl Stone Soup version 0.28.0 (webtiles) character file.

Game seed: 8826999126056320208

2001 AmazingTV the Skirmisher (level 9, -2/79 HPs)
             Began as a Minotaur Fighter on Mar 26, 2024.
             Was an Initiate of Okawaru.
             Shot with an arrow by a centaur (7 damage)
             ... on level 7 of the Dungeon.
             The game lasted 00:15:52 (6920 turns).

AmazingTV the Skirmisher (Minotaur Fighter)         Turns: 6920, Time: 00:15:53

Health: -2/79      AC:  9    Str: 25    XL:     9   Next: 2%
Magic:  8/8        EV:  9    Int:  9    God:    Okawaru [......]
Gold:   326        SH:  5    Dex: 10    Spells: 8/8 levels left

rFire   . . .      SeeInvis .   D - +9 spear of Wida {elec, rCorr Int+4, polearm}
rCold   . . .      Faith    .   c - +0 buckler
rNeg    . . .      Spirit   .   A - +0 scale mail
rPois   +          Reflect  .   (helmet restricted)
rElec   .          Harm     .   q - +0 cloak
rCorr   +          Rampage  .   (no gloves)
Will    .....                   (no boots)
Stlth   ..........              (no amulet)
HPRegen 0.23/turn               B - ring of resist corrosion
MPRegen 0.11/turn               L - ring of poison resistance

@: no status effects
A: horns 2, retaliatory headbutt
a: Renounce Religion


You were on level 7 of the Dungeon.
You worshipped Okawaru.
Okawaru was noncommittal.
You visited 2 branches of the dungeon, and saw 8 of its levels.

You collected 359 gold pieces.
You spent 33 gold pieces at shops.


Innate Abilities, Weirdness & Mutations

You have a pair of horns on your head.
You reflexively headbutt those who attack you in melee.


   Skills:
 + Level 7.3 Fighting
 + Level 6.8(7.9) Axes
 + Level 6.1(7.5) Maces & Flails
 + Level 2.2 Slings
 + Level 7.2 Armour
 - Level 6.6 Shields


You had 8 spell levels left.
You didn't know any spells.
Your spell library contained the following spells:

 Spells                   Type           Power      Damage    Failure   Level
 Apportation              Tloc           0%         N/A       73%         1
 Foxfire                  Conj/Fire      0%         2x1d4     73%         1
 Conjure Flame            Conj/Fire      0%         6-21      97%         3
 Inner Flame              Hex/Fire       0%         N/A       97%         3
 Flame Wave               Conj/Fire      0%         2d4       100%        4
 Animate Skeleton         Necr           Unusable   N/A       N/A         1
 Summon Small Mammal      Summ           Unusable   N/A       N/A         1

Inventory:

Hand Weapons
 a - a +0 war axe {axe}
 b - the +5 mace of Division {elec, Int+6, mace}
   (You found it on level 6 of the Dungeon)

   It occasionally discharges a powerful burst of electricity upon striking a
   foe.
   Int:       It affects your intelligence (+6).
 t - a +2 dagger of venom {short}
   (You took it off a kobold on level 2 of the Dungeon)
 z - a +5 trident {polearm}
   (You took it off an orc on level 4 of the Dungeon)
 D - the +9 spear of Wida (weapon) {elec, rCorr Int+4, polearm}
   (You found it on level 4 of the Dungeon)

   It occasionally discharges a powerful burst of electricity upon striking a
   foe.
   Int:       It affects your intelligence (+4).
   rCorr:     It protects you from acid and corrosion.
 K - a +0 hunting sling {sling}
   (You found it on level 4 of the Dungeon)
Missiles
 e - 209 stones (quivered)
 i - 72 sling bullets
 l - 5 boomerangs
 o - 21 arrows
 C - 10 poisoned darts
 I - 42 bolts
 J - a throwing net {=f!f}
Armour
 c - a +0 buckler (worn)
 q - a +0 cloak (worn)
   (You found it on level 2 of the Dungeon)
 A - a +0 scale mail (worn)
Magical Staves
 H - a staff of fire {!astaff}
   (You found it on level 5 of the Dungeon)
Jewellery
 B - a ring of resist corrosion (left hand)
   (You found it on level 4 of the Dungeon)
 L - a ring of poison resistance (right hand)
   (You found it on level 6 of the Dungeon)
 M - a ring of protection from cold
   (You found it on level 6 of the Dungeon)
Scrolls
 f - 3 scrolls of identify {@r1}
 g - 3 scrolls of teleportation {@r4}
 m - 3 scrolls of vulnerability {unknown}
 r - 2 scrolls of magic mapping {unknown}
 u - 3 scrolls of fear {unknown}
 w - 2 scrolls of blinking {unknown}
 y - a scroll of amnesia {unknown}
 E - a scroll of brand weapon {unknown}
 O - a scroll of noise {unknown}
Potions
 d - a potion of might
 h - 2 potions of magic {unknown}
 j - a potion of invisibility {unknown}
 k - 5 potions of degeneration {!q}
 n - 5 potions of curing {@q1}
 p - 4 potions of attraction {unknown}
 s - 2 potions of mutation {unknown}
 v - a potion of berserk rage {unknown}
 x - a potion of lignification {unknown}
 F - a potion of ambrosia {unknown}
 G - a potion of brilliance {unknown}
 N - a potion of flight {unknown}

Dungeon Overview and Level Annotations

Branches:
Dungeon (7/15)             Temple (1/1) D:6

Altars:
Ashenzari
Dithmenos
Elyvilon
Fedhas
Gozag
Kikubaaqudgha
Makhleb
Nemelex Xobeh
Okawaru
Qazlal
Ru
Sif Muna
Trog
Wu Jian
Xom
Yredelemnul
Zin
The Shining One

Shops:
D:3 [ D:4

! .. #........# .# #.
#........#
..###.####........#
.........#........#
..................#
.......!..cZ.###.##
.........!#...##..####
..........##...z.....#
.......@..#...###.##.#
......#
..............#c.....#
......#
.........##....Z#.####
.......
................#.#
......#
##......####.##.#.#
......# ########
#..##...# ......##
#.#####...
##.....###### #.#
....# ..$..<.......
..# ....


You could see a centaur and a wyvern zombie.


Message History

😕 HP[-3]
You take 3 damage, and now have 61/73 hp.
The centaur unwields a +0 shortbow.
The centaur hits you but does no damage.
The centaur kicks you but does no damage.
You hit the centaur.
The centaur hits you but does no damage.
The centaur kicks you. The centaur closely misses you.
The centaur barely misses you. 😕 HP[-3]
You take 3 damage, and now have 58/73 hp.
You hit the centaur.
You headbutt the centaur, but do no damage.
The centaur closely misses you. You block the centaur's attack.
You puncture the centaur! Lightning courses through the centaur!
You kill the centaur!
Okawaru accepts your kill.
You have reached level 9!
Your experience leads to an increase in your attributes!
Your base attributes are Str 23, Int 5, Dex 10.
Increase (S)trength, (I)ntelligence, or (D)exterity?
You feel stronger. x2 😕 HP[+5] MP[+1]
You now have 79 max hp (+6).
You regained 5 hp, and now have 63/79 hp.
Your mp is fully restored (8).
L - a ring of poison resistance (right hand)
As you read the scroll labelled ATEREZA IHYSADWI, it crumbles to dust.
It is a scroll of identify.
k - 5 potions of degeneration 😕 HP[+1]
As you read the scroll labelled RUADDUENNY, it crumbles to dust.
You feel strangely unstable.
It was a scroll of teleportation.
Your surroundings suddenly seem different. 😕 HP[+1]
You now have 326 gold pieces (gained 10).
A centaur comes into view.
The centaur shouts!
The centaur wields a +0 shortbow.
The centaur shoots an arrow.
The arrow hits you. 😕 HP[+10]
You regained 10 hp, and now have 75/79 hp. 😕 HP[+1]
An ogre comes into view. It is wielding a +0 giant club.
A wyvern zombie comes into view.
The centaur shoots an arrow.
The arrow hits you but does no damage.
The centaur shoots an arrow.
You block the arrow.
The centaur shoots an arrow.
The arrow hits you! 😕 HP[-7]
You take 7 damage, and now have 69/79 hp.
The centaur shoots an arrow.
You block the arrow.
The centaur shoots an arrow.
The arrow hits you! 😕 HP[-6]
You take 6 damage, and now have 63/79 hp.
The centaur shoots an arrow.
The arrow hits you.
The centaur shoots an arrow.
The arrow hits you! 😮 HP[-13]
You take 13 damage, and now have 50/79 hp.
A wight comes into view.
It is wielding a +3 short sword. 😮 HP[+1]
The centaur shoots an arrow.
The arrow hits you but does no damage.
The centaur unwields a +0 shortbow.
The centaur hits you but does no damage.
The centaur kicks you but does no damage.
The centaur completely misses you. The centaur closely misses you.
You puncture the centaur! Your headbutt misses the centaur.
The centaur closely misses you. x2
The ogre hits you with a +0 giant club!!
* * * LOW HITPOINT WARNING * * *
😨 HP[-19]
You take 19 damage, and now have 32/79 hp.
MASSIVE DAMAGE!! (PAUSE)
The centaur wields a +0 shortbow.
The centaur shoots an arrow.
The arrow closely misses you. 😨 HP[+1]
The centaur shoots an arrow.
The arrow hits you.
* * * LOW HITPOINT WARNING * * *
😨 HP[-6]
You take 6 damage, and now have 27/79 hp.
The centaur shoots an arrow.
The arrow barely misses you.
The centaur shoots an arrow.
You block the arrow.
You puncture the ogre! You headbutt the ogre.
You block the ogre's attack. 😨 HP[+1]
You hit the ogre. You headbutt the ogre.
The ogre hits you with a +0 giant club!!
* * * LOW HITPOINT WARNING * * *
😱 HP[-22]
You take 22 damage, and now have 6/79 hp.
MASSIVE DAMAGE!! (PAUSE) 😱 HP[+1]
The wyvern zombie bites you.
* * * LOW HITPOINT WARNING * * *
😱 HP[-3]
You take 3 damage, and now have 4/79 hp.
The wyvern zombie bites you but does no damage.
You see here a fuming yellow potion. 😱 HP[+1]
The centaur shoots an arrow.
The arrow hits you!
You die...

Skill      XL: |  1  2  3  4  5  6  7  8 |
---------------+-------------------------+-----
Maces & Flails | 1 2 3 4 6 |  6.1
Fighting       | 4 5 6 7 |  7.3
Armour         | 4 5 6 7 |  7.2
Shields        | 4 5 6 |  6.6
Axes           | 3 4 5 6 |  6.8
Slings         | 2 |  2.2

Action                   |  1- 3 |  4- 6 |  7- 9 || total
-------------------------+-------+-------+-------++-------
Melee: War axe           |    53 |   118 |    92 ||   263
       Headbutt          |     5 |    14 |    23 ||    42
       Spear             |       |       |    61 ||    61
 Fire: Hunting sling     |       |       |    18 ||    18
Throw: Stone             |       |       |     1 ||     1
  Use: Scroll            |       |       |     2 ||     2
Armor: Scale mail        |    21 |    52 |    69 ||   142
Dodge: Dodged            |    37 |    46 |    68 ||   151
Block: Buckler           |     8 |    17 |    39 ||    64

Levels and vault maps discovered:
D:1:      denvon_arrival_waterhouse, layout_rooms, minmay_tetromino_i2
D:2:      layout_basic, minmay_distorted
D:3:      layout_rooms, xom_redecorated,
          nicolae_dithmenos_through_a_glass_darkly, serial_shops,
          nicolae_shop_advertising_works [nicolae_subvault_shop_adworks],
          uniq_grinder
D:4:      layout_loops_ring, fedhas_altar_1, nicolae_ru_path_of_blood,
          serial_shops, shop, st_stairs_8, chequers_mini_garden
D:5:      layout_gridville, uniq_blork_the_orc
D:6:      layout_loops_ring, nicolae_elyvilon_peaceful_grove,
          nicolae_tso_swordbearing_angel, mainiacjoe_overflow_paths,
          mainiacjoe_overflow_swirl, temple_hall_moat, uniq_sigmund
D:7:      minmay_chambers_of_fours, layout_rooms,
          nicolae_overflow_crystal_walls, nicolae_vehumet_radiance
Temple:   compressed_dpeg_triangle_lava_temple

Notes
Turn   | Place    | Note
-------+----------+-------------------------------------------
     0 | D:1      | AmazingTV the Minotaur Fighter began the quest for the Orb.
     0 | D:1      | Reached XP level 1. HP: 19/19 MP: 0/0
     0 | D:1      | magus.rc [v1.9.6]
    46 | D:1      | Reached XP level 2. HP: 21/27 MP: 1/1
   194 | D:1      | Reached skill level 1 in Maces & Flails
   387 | D:1      | Reached skill level 4 in Fighting
   497 | D:1      | Reached XP level 3. HP: 30/33 MP: 2/2
   524 | D:1      | Reached skill level 4 in Armour
   524 | D:1      | Reached skill level 4 in Shields
   653 | D:2      | Reached skill level 3 in Axes
   904 | D:2      | Reached XP level 4. HP: 40/40 MP: 3/3
   929 | D:2      | Reached skill level 2 in Maces & Flails
  1452 | D:2      | Reached XP level 5. HP: 26/47 MP: 4/4
  2057 | D:3      | Found Gipt's Armour Shop.
  2088 | D:3      | Found a shadowy altar of Dithmenos.
  2100 | D:3      | You pick up a book of Flames and begin reading...
  2100 | D:3      | You add the spells Foxfire, Conjure Flame, Inner Flame and
                  | Flame Wave to your library.
  2153 | D:3      | Found a shimmering altar of Xom.
  2160 | D:3      | Found a shimmering altar of Xom.
  2160 | D:3      | Found a shimmering altar of Xom.
  2162 | D:3      | Found a shimmering altar of Xom.
  2165 | D:3      | Noticed Grinder
  2183 | D:3      | HP: 11/47 [Grinder (3)]
  2185 | D:3      | Killed Grinder
  2186 | D:3      | Reached skill level 5 in Fighting
  2186 | D:3      | Reached skill level 4 in Axes
  2186 | D:3      | Reached skill level 3 in Maces & Flails
  2186 | D:3      | Reached skill level 5 in Armour
  2186 | D:3      | Reached skill level 5 in Shields
  2186 | D:3      | Reached XP level 6. HP: 13/56 MP: 5/5
  2973 | D:4      | Reached XP level 7. HP: 43/61 MP: 6/6
  3079 | D:4      | Found Vecvompe's Distillery.
  3088 | D:4      | Bought a potion of curing for 33 gold pieces
  3119 | D:4      | Reached skill level 4 in Maces & Flails
  3643 | D:4      | Identified the +9 spear of Wida {elec, rCorr Int+4}
  3666 | D:4      | Reached skill level 5 in Axes
  3693 | D:4      | Found a blossoming altar of Fedhas.
  3879 | D:4      | You pick up a book of Cantrips and begin reading...
  3879 | D:4      | You add the spells Animate Skeleton, Summon Small Mammal
                  | and Apportation to your library.
  3981 | D:4      | Reached skill level 6 in Fighting
  3981 | D:4      | Reached skill level 6 in Shields
  4219 | D:4      | Found a sacrificial altar of Ru.
  4276 | D:5      | Entered Level 5 of the Dungeon
  4288 | D:5      | Reached skill level 6 in Armour
  4419 | D:5      | Reached XP level 8. HP: 59/70 MP: 7/7
  4560 | D:5      | Noticed Blork the orc
  4566 | D:5      | Killed Blork the orc
  4880 | D:5      | Reached skill level 5 in Maces & Flails
  5289 | D:6      | Found a glowing golden altar of the Shining One.
  5295 | D:6      | Noticed Sigmund
  5305 | D:6      | Killed Sigmund
  5306 | D:6      | Reached skill level 6 in Axes
  5382 | D:6      | Identified the +5 mace of Division {elec, Int+6}
  5385 | D:6      | Found a shimmering blue altar of Sif Muna.
  5571 | D:6      | Found a white marble altar of Elyvilon.
  5624 | D:6      | Reached skill level 1 in Slings
  5726 | D:6      | Reached skill level 7 in Fighting
  5731 | D:6      | Reached skill level 7 in Armour
  5947 | D:6      | Found a stormy altar of Qazlal.
  5956 | D:6      | Found an iron altar of Okawaru.
  5959 | D:6      | Became a worshipper of Warmaster Okawaru
  6053 | D:6      | Found a staircase to the Ecumenical Temple.
  6057 | Temple   | Entered the Ecumenical Temple
  6638 | D:6      | Reached skill level 6 in Maces & Flails
  6638 | D:6      | Reached skill level 2 in Slings
  6821 | D:7      | Reached XP level 9. HP: 63/79 MP: 8/8
  6910 | D:7      | HP: 6/79 [ogre (22)]
  6917 | D:7      | HP: 4/79 [wyvern zombie (3)]
  6920 | D:7      | Shot with an arrow by a centaur

Vanquished Creatures
  Grinder (D:3)
  Sigmund (D:6)
  A necrophage (D:6)
  An orc warrior (D:6)
  2 ogres (D:4)
  A centaur (D:7)
  Blork the orc (D:5)
  4 scorpions
  An orc priest (D:4)
  2 hounds (D:6)
  2 jellies (D:6)
  A centaur skeleton (D:6)
  A gnoll shaman (D:6)
  2 bullfrog skeletons
  5 iguanas
  4 orc wizards
  2 killer bee zombies (D:6)
  15 gnolls
  A howler monkey skeleton (D:5)
  9 adders
  An ufetubus (D:5)
  2 adder skeletons (D:4)
  3 worms
  3 dart slugs
  17 orcs
  7 ball pythons
  5 endoplasms
  3 giant cockroaches
  10 goblins
  4 hobgoblins
  9 jackals
  6 quokkas
  5 bats
  2 frilled lizards (D:2)
  10 kobolds
  11 rats
155 creatures vanquished.

Vanquished Creatures (others)
  A plant (D:4)
1 creature vanquished.

Grand Total: 156 creatures vanquished

Table legend:
 A = Non-vault XP
 B = Vault XP
 C = Vault XP percentage of total XP
 D = Non-vault monster count
 E = Vault monster count
 F = Vault count percentage of total count
                 A         B        C        D         E       F
            +---------+---------+-------+---------+---------+-------
      Total |    2245 |     614 |  21.5 |     148 |       7 |   4.5
            +---------+---------+-------+---------+---------+-------
        D:1 |      37 |       6 |  14.0 |      23 |       2 |   8.0
        D:2 |     189 |       2 |   1.0 |      34 |       1 |   2.9
        D:3 |     143 |     281 |  66.3 |      27 |       1 |   3.6
        D:4 |     659 |       2 |   0.3 |      31 |       1 |   3.1
        D:5 |     405 |      96 |  19.2 |      13 |       1 |   7.1
        D:6 |     704 |     227 |  24.4 |      19 |       1 |   5.0
        D:7 |     108 |       0 |   0.0 |       1 |       0 |   0.0
            +---------+---------+-------+---------+---------+-------

Illustrated notes

Table legend:
 A = Kills in this place as a percentage of kills in entire the game.
 B = Kills by you in this place as a percentage of kills by you in the entire game.
 C = Kills by friends in this place as a percentage of kills by friends in the entire game.
 D = Other kills in this place as a percentage of other kills in the entire game.
 E = Experience gained in this place as a percentage of experience gained in the entire game.
 F = Experience gained in this place divided by the number of levels of this place that you have seen.
                   A       B       C       D       E      F
               +-------+-------+-------+-------+-------+----------------------
         Total | 100.0 | 100.0 |   N/A |   N/A | 100.0 | 357.4
       Dungeon | 100.0 | 100.0 |   N/A |   N/A | 100.0 | 408.4
               +-------+-------+-------+-------+-------+----------------------

Table legend: (Time is in decaauts)
 A = Elapsed time spent in this place.
 B = Non-inter-level travel time spent in this place.
 C = Inter-level travel time spent in this place.
 D = Time resting spent in this place.
 E = Time spent auto-exploring this place.
 F = Levels seen in this place.
 G = Mean time per level.
                   A        B        C        D        E       F      G
               +--------+--------+--------+--------+--------+-----+--------+
         Total |   7001 |   6792 |    209 |   1212 |   4659 |   8 |  875.1 |
       Dungeon |   6703 |   6516 |    187 |   1212 |   4391 |   7 |  957.6 |
        Temple |    297 |    275 |     22 |      0 |    268 |   1 |  297.0 |
               +--------+--------+--------+--------+--------+-----+--------+

Top non-repeatable levels by time:
     D:2: 1376 daAuts
     D:4: 1366 daAuts
     D:6: 1299 daAuts
     D:3: 978 daAuts
     D:5: 940 daAuts
     D:1: 626 daAuts
  Temple: 297 daAuts
     D:7: 115 daAuts
